 Dungeon Crawl Stone Soup version 0.19.1 (webtiles) character file.

20597 mmcf the Grappler (level 12, -15/118 HPs)
             Began as a Troll Transmuter on Dec 2, 2016.
             Was a High Priest of Cheibriados.
             Demolished by a minotaur
             ... wielding a +4 rod of ignition (10/10)
              (28 damage)
             ... in a labyrinth.
             The game lasted 00:43:37 (16159 turns).

mmcf the Grappler (Troll Transmuter)               Turns: 16159, Time: 00:43:38

Health: -15/118    AC:  7    Str: 33    XL:     12   Next: 46%
Magic:  13/18      EV: 22    Int: 28    God:    Cheibriados [*****.]
Gold:   386        SH:  0    Dex: 24    Spells: 4 memorised, 4 levels left

rFire  + . .     SeeInvis +       - Unarmed
rCold  + . .     Gourm    +     u - +1 robe {rC+ rF+}
rNeg   . . .     Faith    .     (no shield)
rPois  .         Spirit   .     j - +0 hat {SInv}
rElec  .         Reflect  .     r - +0 cloak
rCorr  .         Harm     .     (gloves unavailable)
MR     .....                    (boots unavailable)
Stlth  ++........               (no amulet)
                                t - +5 ring of evasion
                                q - +5 ring of intelligence

@: very slow
A: unfitting armour, claws 3, fast metabolism 3, gourmand, regeneration 1,
shaggy fur 1, tough skin 2
a: Bend Time, Temporal Distortion, Slouch, Step From Time, Renounce Religion


You were in a labyrinth.
You worshipped Cheibriados.
Cheibriados was extremely pleased with you.
You were not hungry.

You visited 2 branches of the dungeon, and saw 15 of its levels.
You also visited: Labyrinth and Volcano.

You collected 663 gold pieces.
You spent 277 gold pieces at shops.

Inventory:

Hand Weapons
 z - a +0 giant club of flaming
Missiles
 a - 307 arrows
Armour
 j - a +0 hat of see invisible (worn)
 r - a +0 cloak (worn)
 u - a +1 robe of resistance (worn)
Jewellery
 q - a +5 ring of intelligence (left claw)
 t - a +5 ring of evasion (right claw)
 S - an uncursed ring of protection from magic
Wands
 x - a wand of disintegration (10/24)
 D - a wand of digging (12/24)
 F - a wand of teleportation (5/9)
Scrolls
 e - 7 scrolls of remove curse
 g - 3 scrolls of teleportation
 m - a scroll of enchant armour
 n - 2 scrolls of random uselessness {unknown}
 p - 4 scrolls of recharging
 s - 3 scrolls of magic mapping
 H - 3 scrolls of amnesia {unknown}
 T - a scroll of silence {unknown}
Potions
 h - 6 potions of curing
 l - 2 potions of flight
 v - 2 potions of degeneration {unknown}
 A - 2 potions of brilliance
 G - a potion of resistance
 I - a potion of cancellation
Books
 c - a book of Changes

   Spells                             Type                      Level
   a - Beastly Appendage              Transmutation                1
   b - Sticks to Snakes               Transmutation                2
   c - Spider Form                    Transmutation/Poison         3
   d - Ice Form                       Ice/Transmutation            4
   e - Blade Hands                    Transmutation                5
Miscellaneous
 i - a disc of storms
Comestibles
 d - 12 bread rations
 f - 5 meat rations


   Skills:
 - Level 7.0 Fighting
 + Level 7.9 Dodging
 - Level 11.0 Unarmed Combat
 + Level 2.3 Spellcasting
 - Level 4.7 Transmutations
 + Level 10.2 Invocations
 - Level 1.1 Evocations


You had 4 spell levels left.
You knew the following spells:

 Your Spells              Type           Power        Failure   Level  Hunger
a - Beastly Appendage     Tmut           ####..       1%          1    None
b - Sticks to Snakes      Tmut           ####....     1%          2    ##.....
c - Blade Hands           Tmut           ####......   38%         5    ######.
d - Spider Form           Tmut/Pois      ###.......   12%         3    ###....


Dungeon Overview and Level Annotations

Branches:
Dungeon (10/15)            Temple (0/1) D:6            Lair (5/6) D:8
  Swamp (0/4) Lair:2        Snake (0/4) Lair:3        Slime (0/5) Lair:5
    Orc: D:9-12

Altars:
Ashenzari
Cheibriados
Elyvilon
Fedhas
Gozag
Hepliaklqana
Makhleb
Nemelex Xobeh
Sif Muna
Trog
Xom
Yredelemnul
The Shining One

Shops:
D:6 *   D:7 ?   D:8 !

Annotations:
D:2 exclusion: oklob plant


Innate Abilities, Weirdness & Mutations

You are too large for most types of armour.
You have claws for hands.
Your metabolism is lightning-fast.
You like to eat raw meat.
Your natural rate of healing is unusually fast.
You are covered in fur. (AC +1)
You have very tough skin. (AC +2)


Message History

* * * LOW HITPOINT WARNING * * *
The minotaur completely misses you.
You feel much better. The minotaur completely misses you.
The minotaur gores you.
The minotaur hits you with a rod of ignition!!
* * * LOW HITPOINT WARNING * * *
The minotaur completely misses you.
Okay, then.
Casting: Sticks to Snakes
Confirm with . or Enter, or press ? or * to list all spells.
Okay, then.
You can feel time thicken for a moment.
You feel somewhat more hungry.
Cheibriados lowers the support of your attributes as your movement quickens.
The minotaur misses you. The minotaur gores you.
* * * LOW HITPOINT WARNING * * *
The minotaur misses you. x2
You completely miss the minotaur.
The minotaur is severely wounded.
The minotaur hits you with a rod of ignition!!
You die...

# # .# # #
. # .. . .
#. #### #
# # # #.#
≈
.#.#H#.###
< ..'. ..#
#≈ .#
#..##.###
# #H@...#
# ###.###
#...# #
##. ## #.#
#.# #.. ##


You could see a minotaur.

Vanquished Creatures
  A dire elephant (Lair:4)
  2 hydras
  Erica (Lair:2)
  A hell hog (Volcano)
  A salamander (Volcano)
  2 elephants (Lair:4)
  5 spiny frogs
  2 rime drakes
  3 komodo dragons
  3 two-headed ogres
  3 blink frogs (Lair:4)
  4 hippogriffs
  A shadow (Lab)
  Sigmund (D:2)
  A wyvern (D:9)
  12 yaks
  A fire bat (Volcano)
  3 basilisks
  3 hungry ghosts
  2 nagas (Lair:3)
  Edmund (D:4)
  4 hell hounds
  5 water moccasins
  6 porcupines
  4 orc warriors
  A sky beast (D:9)
  4 phantoms
  8 ogres
  4 centaurs
  10 crocodiles
  Blork the orc (D:4)
  11 bullfrogs
  An earth elemental (Lab)
  A wyvern skeleton (D:6)
  3 scorpions
  3 killer bees (D:9)
  A vampire bat (D:3)
  A howler monkey (D:4)
  7 crimson imps
  5 orc priests
  Crazy Yiuf (D:4)
  2 hounds
  7 orc wizards
  A centaur skeleton (D:5)
  Jessica (D:2)
  A bullfrog skeleton (D:9)
  Terence (D:2)
  3 iguanas
  4 worker ants
  6 hell rats (Lair:3)
  A hound zombie (D:8)
  6 gnolls
  7 adders
  A shadow imp (D:9)
  2 oozes
  An adder zombie (D:6)
  An adder skeleton (D:8)
  4 dart slugs
  3 leopard geckos
  36 orcs
  2 giant cockroaches (D:1)
  9 goblins
  4 hobgoblins
  19 jackals
  4 kobolds
  A ball python (D:4)
  10 bats
  3 frilled lizards
  A jackal skeleton (D:6)
  5 rats
  5 plants (D:2)
285 creatures vanquished.

Vanquished Creatures (collateral kills)
  Gastronok (Lair:3)
1 creature vanquished.

Vanquished Creatures (others)
  2 centaurs (Volcano)
  2 fungi (Lair:1)
  A plant (Lair:4)
5 creatures vanquished.

Grand Total: 291 creatures vanquished

Notes
Turn   | Place    | Note
-------+----------+-------------------------------------------
     0 | D:1      | mmcf the Troll Transmuter began the quest for the Orb.
     0 | D:1      | Reached XP level 1. HP: 18/18 MP: 1/1
   278 | D:1      | Reached skill level 1 in Fighting
   334 | D:1      | Reached XP level 2. HP: 27/27 MP: 2/2
   365 | D:2      | Noticed Jessica
   371 | D:2      | Killed Jessica
   371 | D:2      | Reached XP level 3. HP: 32/33 MP: 3/3
   473 | D:1      | Learned a level 2 spell: Sticks to Snakes
   756 | D:2      | Noticed Sigmund
   770 | D:2      | Killed Sigmund
   770 | D:2      | Reached skill level 4 in Unarmed Combat
   770 | D:2      | Reached XP level 4. HP: 35/42 MP: 4/4
   770 | D:2      | Reached XP level 5. HP: 41/49 MP: 5/5
   898 | D:2      | Reached skill level 5 in Unarmed Combat
   922 | D:2      | Found a faded altar of an unknown god.
  1017 | D:2      | Found a faded altar of an unknown god.
  1017 | D:2      | Found a faded altar of an unknown god.
  1022 | D:2      | Found a faded altar of an unknown god.
  1024 | D:2      | Found a faded altar of an unknown god.
  1026 | D:2      | Found a hazy altar of Hepliaklqana.
  1109 | D:2      | Noticed Terence
  1115 | D:2      | Killed Terence
  1537 | D:2      | Found a blossoming altar of Fedhas.
  1557 | D:2      | Noticed an oklob plant
  2267 | D:3      | Reached XP level 6. HP: 57/57 MP: 6/6
  2309 | D:3      | Found a shimmering altar of Xom.
  2544 | D:2      | HP: 1/59 [adder (3)]
  2545 | D:2      | Reached skill level 6 in Unarmed Combat
  3376 | D:4      | Reached XP level 7. HP: 60/66 MP: 7/7
  3666 | D:4      | Found a snail-covered altar of Cheibriados.
  3676 | D:5      | Entered Level 5 of the Dungeon
  3684 | D:4      | Became a worshipper of Cheibriados the Contemplative
  3726 | D:4      | Noticed Edmund
  3741 | D:4      | Killed Edmund
  3741 | D:4      | Reached skill level 7 in Unarmed Combat
  3741 | D:4      | Reached skill level 1 in Evocations
  3756 | D:4      | Found a runed door.
  3762 | D:4      | Noticed Crazy Yiuf
  3771 | D:4      | Killed Crazy Yiuf
  3942 | D:4      | Found a glowing golden altar of the Shining One.
  3965 | D:4      | Reached skill level 1 in Invocations
  4036 | D:4      | Noticed Blork the orc
  4044 | D:4      | Killed Blork the orc
  4044 | D:4      | Reached XP level 8. HP: 74/74 MP: 8/8
  4548 | D:5      | Found a white marble altar of Elyvilon.
  4549 | D:5      | Found a shattered altar of Ashenzari.
  4550 | D:5      | Found a basalt altar of Yredelemnul.
  4550 | D:5      | Found a bloodstained altar of Trog.
  4551 | D:5      | Found an opulent altar of Gozag.
  4553 | D:5      | Found a burning altar of Makhleb.
  4554 | D:5      | Found a sparkling altar of Nemelex Xobeh.
  4555 | D:5      | Found a deep blue altar of Sif Muna.
  4627 | D:5      | Reached skill level 8 in Unarmed Combat
  4628 | D:5      | Reached * piety under Cheibriados
  4689 | D:5      | Learned a level 5 spell: Blade Hands
  5558 | D:6      | Found Voamn's Assorted Antiques.
  5569 | D:6      | Bought a fuming clear potion for 17 gold pieces
  5698 | D:6      | Reached ** piety under Cheibriados
  5704 | D:7      | Found Utearche's Magic Scroll Shop.
  5736 | D:7      | Bought a scroll of magic mapping for 35 gold pieces
  5736 | D:7      | Bought a scroll of enchant armour for 75 gold pieces
  5736 | D:7      | Bought a scroll of teleportation for 30 gold pieces
  5736 | D:7      | Bought a scroll of identify for 20 gold pieces
  5736 | D:7      | Bought a scroll of fear for 35 gold pieces
  5817 | D:6      | Reached XP level 9. HP: 79/84 MP: 11/11
  5939 | D:6      | Found a staircase to the Ecumenical Temple.
  6204 | D:6      | Reached skill level 5 in Invocations
  6835 | D:8      | Reached *** piety under Cheibriados
  6838 | D:8      | Reached skill level 5 in Dodging
  6838 | D:8      | Reached skill level 9 in Unarmed Combat
  7006 | D:8      | Found a staircase to the Lair.
  7539 | D:8      | Found Tuuggowo's Distillery.
  7551 | D:8      | Bought a potion of heal wounds for 65 gold pieces
  7961 | D:8      | Reached skill level 10 in Unarmed Combat
  8207 | D:9      | Reached XP level 10. HP: 75/94 MP: 12/12
  8467 | D:10     | Entered Level 10 of the Dungeon
  8519 | D:9      | Reached skill level 5 in Fighting
  8557 | D:9      | Found a bloodstained altar of Trog.
  8595 | D:9      | Reached **** piety under Cheibriados
  9731 | Lair:1   | Entered Level 1 of the Lair of Beasts
 10385 | Lair:1   | Noticed a spiny frog
 10391 | Lair:1   | Killed a spiny frog
 10616 | Lair:1   | Noticed a spiny frog
 10621 | Lair:1   | Killed a spiny frog
 10727 | Lair:3   | Noticed a spiny frog
 10727 | Lair:3   | Noticed a seven-headed hydra
 10734 | Lair:3   | Killed a spiny frog
 10734 | Lair:3   | Reached XP level 11. HP: 109/109 MP: 15/15
 10741 | Lair:3   | Killed a 13-headed hydra
 10785 | Lair:3   | Reached ***** piety under Cheibriados
 10806 | Lair:3   | Found a dark tunnel.
 10811 | Volcano  | Entered a volcano
 10881 | Volcano  | Noticed a hell hog
 10892 | Volcano  | Killed a hell hog
 11371 | Lair:2   | Noticed Erica
 11393 | Lair:2   | Killed Erica
 11688 | Lair:2   | Found a staircase to the Swamp.
 12259 | Lair:1   | Identified a scroll of acquirement
 12965 | Lair:2   | Learned a level 3 spell: Spider Form
 13491 | Lair:1   | Reached skill level 11 in Unarmed Combat
 13542 | Lair:3   | Noticed Gastronok
 13561 | Lair:3   | Killed Gastronok
 13665 | Lair:4   | Noticed an eight-headed hydra
 13673 | Lair:4   | Reached XP level 12. HP: 37/118 MP: 18/18
 13892 | Lair:3   | Found a staircase to the Snake Pit.
 14035 | Lair:4   | Noticed a dire elephant
 14051 | Lair:4   | Killed a dire elephant
 14409 | Lair:4   | Killed a 13-headed hydra
 14409 | Lair:4   | Reached skill level 10 in Invocations
 14448 | Lair:4   | Got a tattered robe
 14466 | Lair:3   | Identified the cursed +0 robe of the Moon {Str+3} (You found it on level 4 of the Lair of Beasts)
 15526 | Lair:5   | Found a labyrinth entrance.
 15535 | Lab      | Entered a labyrinth
 16054 | Lab      | Noticed a minotaur
 16159 | Lab      | Identified a +4 rod of ignition (10/10)
 16159 | Lab      | Demolished by a minotaur

Skill      XL: |  1  2  3  4  5  6  7  8  9 10 11 12 |
---------------+-------------------------------------+-----
Fighting       | 1 2 4 7 |  7.0
Dodging        | 2 3 4 6 7 |  7.9
Unarmed Combat | 4 5 6 7 8 10 11 | 11.0
Evocations     | 1 |  1.1
Invocations    | 1 4 5 7 9 10 | 10.2
Transmutations | 4 |  4.7
Spellcasting   | 2 |  2.3

Action                   |  1- 3 |  4- 6 |  7- 9 | 10-12 || total
-------------------------+-------+-------+-------+-------++-------
Melee: Unarmed           |    39 |   249 |   333 |   403 ||  1024
       Punch             |       |    11 |    13 |    44 ||    68
Throw: Javelin           |       |     4 |       |       ||     4
       Throwing net      |       |       |       |     2 ||     2
 Cast: Sticks to Snakes  |       |       |       |    10 ||    10
       Spider Form       |       |       |       |     1 ||     1
Invok: Step From Time    |       |       |       |     1 ||     1
       Slouch            |       |       |       |     1 ||     1
  Use: Scroll            |       |     1 |     8 |    17 ||    26
       Potion            |       |     1 |       |     3 ||     4
 Stab: Sleeping          |       |       |     2 |     2 ||     4
       Distracted        |       |       |     1 |       ||     1
       Held in net/web   |       |       |       |     6 ||     6
  Eat: Chunk             |     6 |    28 |    33 |    47 ||   114
       Pizza             |       |       |     2 |     1 ||     3
       Fruit             |       |       |     2 |       ||     2
       Beef jerky        |       |       |     2 |     1 ||     3
Armor: Robe              |    14 |    75 |    52 |    51 ||   192
Dodge: Dodged            |    19 |    90 |   228 |   341 ||   678
